 Dungeon Crawl Stone Soup version 0.17-a0-1572-g7a1422d (webtiles) character file.

88 Kassandra the Insei (level 4, -4/35 HPs)
             Began as a Demonspawn Chaos Knight on July 25, 2015.
             Slain by a gnoll
             ... wielding a +0 spear
              (9 damage)
             ... on level 3 of the Dungeon.
             The game lasted 00:09:35 (1806 turns).

Kassandra the Insei (Demonspawn Chaos Knight)       Turns: 1806, Time: 00:09:35

Health: -4/35      AC:  5    Str: 10      XL:     4   Next: 29%
Magic:  4/4        EV:  3    Int: 13      God:    Xom [*.....]
Gold:   124        SH:  0    Dex: 11 (14) Spells: 0 memorised, 3 levels left

rFire  . . .     SeeInvis .       - Unarmed
rCold  . . .     Rnd*Rage +     n - +0 scale mail
rNeg   . . .     SustAt   .     (no shield)
rPois  .         Gourm    .     (helmet restricted)
rElec  .         Spirit   .     e - +1 cloak
rCorr  .         Warding  .     (no gloves)
rMut   .         Stasis   .     (no boots)
MR     .....                    (no amulet)
Stlth  ..........               (no ring)
                                (no ring)

@: not resistant to hostile enchantments, extremely unstealthy
A: antennae 1, berserk 1, deformed body, deterioration 1, weak 1
a: Renounce Religion


You were on level 3 of the Dungeon.
You worshipped Xom.
You were a special plaything of Xom.
You were hungry.

You visited 1 branch of the dungeon, and saw 3 of its levels.

You collected 124 gold pieces.

Inventory:

Missiles
 j - 17 silver sling bullets
Armour
 a - a +2 leather armour
 e - a +1 cloak (worn)
 n - a +0 scale mail (worn)
Magical devices
 k - a wand of flame (20)
Scrolls
 l - a scroll of blinking {unknown}
Potions
 g - a potion of curing
 h - a potion of lignification
Comestibles
 b - a bread ration
 c - a royal jelly
 d - 5 fruits
 f - a beef jerky
 o - a meat ration


   Skills:
 - Level 3.0 Fighting
 - Level 1.7 Armour
 - Level 0.8 Dodging
 + Level 4.6 Unarmed Combat


You had 3 spell levels left.
You didn't know any spells.

Dungeon Overview and Level Annotations

Branches:
Dungeon (3/15)

Altars:


Innate Abilities, Weirdness & Mutations

You have a pair of small antennae on your head.
You tend to lose your temper in combat.
Armour fits poorly on your strangely shaped body.
Your body sometimes deteriorates upon taking damage.
You are weak. (Str -2)


Message History

The gnoll is almost dead.
The gnoll hits you with a spear. The gnoll hits you but does no damage.
You hit the gnoll.
You kill the gnoll!
The gnoll hits you from afar with a spear.
A gnoll comes into view. It is wielding a whip.
The gnoll closely misses you.
The gnoll hits you from afar with a spear.
You hit the gnoll but do no damage.
The gnoll hits you from afar with a spear.
The gnoll completely misses you.
You barely miss the gnoll. The gnoll hits you with a whip.
The gnoll hits you from afar with a spear.
* * * LOW HITPOINT WARNING * * *
The gnoll shouts!
The gnoll hits you from afar with a spear!
* * * LOW HITPOINT WARNING * * *
There is a stone staircase leading up here.
The gnoll hits you from afar with a spear!
You die...

#########
........#
........#######
#........##)@..#
.
........##..###.#
....!..(##g.....#
.#
#.........####.#
..####..###.##.#
##.#.....###.##.#
.............##.#
.............##.#
........##g..##..


You could see a gnoll.

Vanquished Creatures
  A gnoll (D:3)
  4 adders
  6 hobgoblins
  8 kobolds
  2 quokkas (D:2)
  5 bats
  A giant gecko (D:2)
  A giant newt (D:2)
  8 goblins
  8 rats
44 creatures vanquished.

Notes
Turn   | Place    | Note
--------------------------------------------------------------
     0 | D:1      | Kassandra the Demonspawn Chaos Knight began the quest for the Orb.
     0 | D:1      | Reached XP level 1. HP: 18/18 MP: 1/1
   262 | D:1      | Gained mutation: You have a pair of small antennae on your head. [demonic ancestry]
   262 | D:1      | Reached XP level 2. HP: 22/24 MP: 2/2
   360 | D:1      | XOM: silly message
   666 | D:1      | XOM: silly message
   837 | D:2      | XOM: harmless Divn miscast
   841 | D:2      | Reached XP level 3. HP: 26/29 MP: 3/3
   881 | D:2      | Reached skill level 4 in Unarmed Combat
  1046 | D:2      | XOM: harmless Air miscast
  1134 | D:2      | XOM is BORED!
  1134 | D:2      | XOM: silly message
  1464 | D:3      | XOM: harmless Tloc miscast
  1477 | D:3      | XOM: divination: detect items
  1615 | D:3      | Reached XP level 4. HP: 10/35 MP: 4/4
  1622 | D:3      | XOM: give mutations
  1622 | D:3      | Gained mutation: You tend to lose your temper in combat. [Xom's mischief]
  1622 | D:3      | Gained mutation: Armour fits poorly on your strangely shaped body. [Xom's mischief]
  1622 | D:3      | Gained mutation: Your body sometimes deteriorates upon taking damage. [Xom's mischief]
  1622 | D:3      | Gained mutation: You are weak. (Str -2) [Xom's mischief]
  1806 | D:3      | Slain by a gnoll

Vault maps used:
D:1:      minmay_arrival_widening_spiral_wide, corexii_corridor_pit

Action                   |  1- 3 |  4- 6 || total
-------------------------+-------+-------++-------
Melee: Unarmed           |   166 |     7 ||   173
  Use: Scroll            |     3 |       ||     3
       Potion            |     3 |       ||     3
  Eat: Chunk             |     2 |       ||     2
